 Dungeon Crawl Stone Soup version 0.29-a0-25-g7f48f510a0 (webtiles) character file.

Game seed: 5640586033434640012

233 Bosse the Chopper (level 5, 0/41 HPs)
             Began as a Demonspawn Abyssal Knight on Jan 31, 2022.
             Was a Believer of Lugonu.
             Slain by a gnoll (5 damage)
             ... on level 4 of the Dungeon.
             The game lasted 00:08:57 (3023 turns).

Bosse the Chopper (Demonspawn Abyssal Knight)       Turns: 3023, Time: 00:08:58

Health: 0/41       AC:  8    Str: 16    XL:     5   Next: 75%
Magic:  6/6        EV: 10    Int: 11    God:    Lugonu [**....]
Gold:   136        SH:  0    Dex: 13    Spells: 4/4 levels left

rFire   . . .      SeeInvis .   l - +0 war axe
rCold   . . .      Faith    .   (no shield)
rNeg    + . .      Spirit   .   o - +2 ring mail {rN+}
rPois   .          Reflect  .   (no helmet)
rElec   .          Harm     .   (no cloak)
rCorr   .          Rampage  .   (no gloves)
Will    .....                   n - +0 pair of boots
Stlth   +.........              (no amulet)
HPRegen 0.13/turn               (no ring)
MPRegen 0.10/turn               (no ring)

@: no status effects
A: claws 1, spiny 2
a: Renounce Religion, Depart the Abyss, Bend Space


You were on level 4 of the Dungeon.
You worshipped Lugonu.
Lugonu was pleased with you.
You visited 1 branch of the dungeon, and saw 4 of its levels.
You visited the Abyss 1 time.

You collected 136 gold pieces.

Inventory:

Hand Weapons
 a - a +2 hand axe
 l - a +0 war axe (weapon)
Missiles
 i - a throwing net
Armour
 b - a +1 leather armour
 n - a +0 pair of boots (worn)
 o - a +2 ring mail of positive energy (worn)
Scrolls
 d - a scroll of torment
 f - a scroll of blinking
 h - 5 scrolls of identify
 m - a scroll of enchant armour
Potions
 c - a potion of curing {unknown}
 e - 2 potions of brilliance {unknown}
 g - 3 potions of heal wounds {unknown}
 j - a potion of cancellation {unknown}
 k - a potion of degeneration {unknown}


   Skills:
 - Level 3.3 Fighting
 + Level 5.3 Axes
 - Level 1.8 Armour
 - Level 0.9 Dodging
 - Level 2.6 Invocations


You had 4 spell levels left.
You didn't know any spells.
Your spell library was empty.

Dungeon Overview and Level Annotations

Branches:
Dungeon (4/15)
 Temple: D:4-7

Altars:


Innate Abilities, Weirdness & Mutations

You have sharp fingernails.
You are mostly covered in sharp spines.


Message History

The gnoll shouts! x3
There is an open door here.
The gnoll closely misses you.
You hit the gnoll but do no damage.
The gnoll hits you from afar with a +0 spear.
The gnoll hits you with a +0 whip.
You barely miss the gnoll. You hit the gnoll.
The gnoll hits you but does no damage. The gnoll barely misses you.
The gnoll hits you from afar with a +0 spear.
The gnoll hits you with a +0 whip!
You slash the gnoll!
You kill the gnoll!
Lugonu accepts your kill.
You barely miss the gnoll. The gnoll hits you with a +0 flail.
The gnoll completely misses you. The gnoll is struck by your spines.
The gnoll barely misses you.
You are too injured to fight recklessly!
You are too injured to fight recklessly!
You are too injured to fight recklessly!
You barely miss the gnoll.
The gnoll is heavily wounded.
The gnoll hits you from afar with a +0 spear.
* * * LOW HITPOINT WARNING * * *
The gnoll is struck by your spines. The gnoll hits you with a +0 flail.
* * * LOW HITPOINT WARNING * * *
You hit the gnoll.
You kill the gnoll!
Lugonu accepts your kill.
The gnoll hits you from afar with a +0 spear.
* * * LOW HITPOINT WARNING * * *
The gnoll throws a throwing net.
The throwing net hits you.
You become entangled in the net!
There is an open door here.
You see here a throwing net.
You struggle against the net.
A gnoll is nearby!
You tear a large gash into the net.
The gnoll hits you but does no damage.
You shred the net and break free!
The gnoll hits you from afar with a +0 spear.
You die...

,,,,*,,,,,*,,#.....,,,...,#......
,,,,*,,,,,*,,#.....,,,....+(.....
,,,,*,,,,,*,,#....#+**....######'
**,,*,,,,,*,,#....#..#...........
**,,*,,,,,*,,+....#..#...........
,*,,*,,,,,*,,#....#..#...........
,+,,+,,,,,*,,#..g.#..#...........
,*,,*,,,,,*,,#.).)#..#........#+#
,*,,*,,,,,*,,###@##..#........#..
,*,,+,,,,,*..#...#...#........#..
,**+*,,,,,#..#...'...#........#..
,,,,,,,,,,#..##..##..#........#'#
#....######..##..##..#...........
#....#...........##'######.......
#....#...........#.......#.......
#....#...........#.....(.#.......
#....#...........#.[.....#.......


You could see a gnoll.

Vanquished Creatures
  A black bear (D:4)
  A hound skeleton (D:4)
  3 adders
  2 gnolls (D:4)
  3 worms
  2 dart slugs
  An orc (D:4)
  6 bats
  7 endoplasms
  5 giant cockroaches
  4 goblins
  7 hobgoblins
  2 kobolds
  6 quokkas
  3 ball pythons
  5 frilled lizards
  6 rats
64 creatures vanquished.

Notes
Turn   | Place    | Note
-------+----------+-------------------------------------------
     0 | Abyss:1  | Bosse the Demonspawn Abyssal Knight began the quest for the
                  | Orb.
     0 | Abyss:1  | Reached XP level 1. HP: 18/18 MP: 2/2
     0 | D:1      | Escaped the Abyss
   216 | D:1      | Gained mutation: You are partially covered in sharp spines.
                  | [demonic ancestry]
   216 | D:1      | Reached XP level 2. HP: 24/24 MP: 3/3
   218 | D:1      | Reached skill level 2 in Axes
   312 | D:1      | Found a faded altar of an unknown god.
   340 | D:1      | Reached * piety under Lugonu
   817 | D:1      | Reached XP level 3. HP: 29/29 MP: 4/4
  1154 | D:2      | Reached skill level 3 in Axes
  1927 | D:3      | Reached ** piety under Lugonu
  1928 | D:3      | Gained mutation: You have sharp fingernails. [demonic
                  | ancestry]
  1928 | D:3      | Reached XP level 4. HP: 34/35 MP: 5/5
  2425 | D:4      | Reached skill level 4 in Axes
  2859 | D:4      | Noticed a black bear
  2864 | D:4      | Killed a black bear
  2865 | D:4      | Reached skill level 5 in Axes
  2865 | D:4      | Gained mutation: You are mostly covered in sharp spines.
                  | [demonic ancestry]
  2865 | D:4      | Reached XP level 5. HP: 23/41 MP: 6/6
  3023 | D:4      | Slain by a gnoll

Illustrated notes

Levels and vault maps discovered:
D:1:      nagdon_arrival_double_spiral, layout_basic,
          shapermc_ecumenical_altar_pompeii, amcnicky_mini_pool_small
D:2:      layout_basic, chequers_serial_rivers_micro_b
D:3:      layout_loops_ring
D:4:      layout_gridville, doesnt_xom_only_xom

Skill      XL: |  1  2  3  4 |
---------------+-------------+-----
Axes           | 2 3 5 |  5.3
Fighting       | |  3.3
Armour         | |  1.8
Dodging        | |  0.9
Invocations    | |  2.6

Action                   |  1- 3 |  4- 6 || total
-------------------------+-------+-------++-------
Melee: Hand axe          |    81 |     4 ||    85
       War axe           |       |    36 ||    36
       Punch             |       |     1 ||     1
Invok: Depart the Abyss  |     1 |       ||     1
  Use: Scroll            |     6 |     3 ||     9
Armor: Leather armour    |    26 |     9 ||    35
       Ring mail         |       |     7 ||     7
Dodge: Dodged            |    44 |    26 ||    70

Table legend: (Time is in decaauts)
 A = Elapsed time spent in this place.
 B = Non-inter-level travel time spent in this place.
 C = Inter-level travel time spent in this place.
 D = Time resting spent in this place.
 E = Time spent auto-exploring this place.
 F = Levels seen in this place.
 G = Mean time per level.
                   A        B        C        D        E       F      G
               +--------+--------+--------+--------+--------+-----+--------+
         Total |   3081 |   3007 |     74 |      0 |   2585 |   5 |  616.2 |
       Dungeon |   3081 |   3007 |     74 |      0 |   2585 |   4 |  770.2 |
         Abyss |      0 |      0 |      0 |      0 |      0 |   1 |    0.0 |
               +--------+--------+--------+--------+--------+-----+--------+

Top non-repeatable levels by time:
     D:1: 1147 daAuts
     D:2: 717 daAuts
     D:4: 616 daAuts
     D:3: 600 daAuts
